 Dungeon Crawl Stone Soup version 0.23-a0-577-g2b1de94 (webtiles) character file.

1512 Lanoc the Carver (level 8, -8/71 HPs)
             Began as a Minotaur Chaos Knight on Dec 15, 2018.
             Was a Plaything of Xom.
             Killed from afar by an electric eel (9 damage)
             ... with a bolt of electricity
             ... on level 6 of the Dungeon.
             The game lasted 00:11:08 (3945 turns).

Lanoc the Carver (Minotaur Chaos Knight)            Turns: 3945, Time: 00:11:09

Health: -8/71      AC: 14    Str: 20    XL:     8   Next: 53%
Magic:  7/7        EV: 12    Int: 12    God:    Xom [...*..]
Gold:   268        SH:  0    Dex:  9    Spells: 7/7 levels left

rFire    . . .     SeeInvis .   a - +0 falchion (chaos)
rCold    . . .     Gourm    .   (no shield)
rNeg     + . .     Faith    .   e - +1 scale mail {rN+}
rPois    .         Spirit   .   (helmet restricted)
rElec    .         Reflect  .   (no cloak)
rCorr    .         Harm     .   p - +0 pair of gloves
MR       .....                  (no boots)
Stlth    ..........             (no amulet)
HPRegen  0.21/turn              x - +5 ring of protection
MPRegen  0.10/turn              n - +3 ring of intelligence

@: no status effects
A: retaliatory headbutt, horns 2
a: Renounce Religion


You were on level 6 of the Dungeon.
You worshipped Xom.
You were a favourite toy of Xom.
You were not hungry.

You visited 1 branch of the dungeon, and saw 6 of its levels.

You collected 268 gold pieces.

Inventory:

Hand Weapons
 a - a +0 falchion of chaos (weapon)
 w - a +0 shortbow
Missiles
 v - 23 arrows
Armour
 e - a +1 scale mail of positive energy (worn)
 p - a +0 pair of gloves (worn)
Jewellery
 k - an uncursed ring of flight
 n - a +3 ring of intelligence (right hand)
 x - a +5 ring of protection (left hand)
Wands
 t - a wand of flame (13)
Scrolls
 b - a scroll of fear
 d - a scroll of immolation
 f - 3 scrolls of magic mapping
 g - a scroll of blinking {unknown}
 h - 2 scrolls of remove curse
 j - 3 scrolls of teleportation {unknown}
 m - a scroll of fog
 q - 2 scrolls of amnesia {unknown}
Potions
 i - 2 potions of lignification
 l - a potion of flight
 o - a potion of cancellation
 r - 3 potions of curing {unknown}
 u - 2 potions of haste
 z - a potion of heal wounds {unknown}
Comestibles
 c - 12 rations


   Skills:
 + Level 6.7 Fighting
 * Level 9.0 Long Blades
 + Level 6.1 Armour
 + Level 5.2 Dodging


You had 7 spell levels left.
You didn't know any spells.
Your spell library contained the following spells:

 Spells                   Type           Power        Failure   Level  Hunger
 Confusing Touch          Hex            #.....       65%         1    ##.....


Dungeon Overview and Level Annotations

Branches:
Dungeon (6/15)
 Temple: D:4-7

Altars:
Hepliaklqana
Qazlal
Sif Muna
Uskayaw
Vehumet
Xom


Innate Abilities, Weirdness & Mutations

You reflexively headbutt those who attack you in melee.
You have a pair of horns on your head.


Message History

The bolt of electricity hits the electric eel.
The electric eel completely resists.
The bolt of electricity hits you! x2
You hit the electric eel. You burn the electric eel.
Your headbutt misses the electric eel.
The electric eel is heavily wounded.
The electric eel shoots out a bolt of lightning at you!
The bolt of electricity hits you!
* * * LOW HITPOINT WARNING * * *
You hit the electric eel.
The electric eel is heavily wounded.
The electric eel shoots out a bolt of lightning at you!
The bolt of electricity hits you!
* * * LOW HITPOINT WARNING * * *
The electric eel shoots out a bolt of lightning at you!
The bolt of electricity hits you!
* * * LOW HITPOINT WARNING * * *
Xom thinks this is hilarious!
The bolt of electricity hits you!
You die...
Xom chortles!

#≈≈≈≈≈≈≈# #≈≈≈≈≈≈≈#
#≈≈≈≈≈≈≈# ######
#≈≈≈≈≈≈≈#####≈≈≈≈≈≈
#≈≈≈≈≈≈≈≈≈≈≈≈≈≈≈≈≈≈
#≈≈≈≈≈≈≈≈≈≈≈≈≈≈≈≈≈≈
#..;;.≈≈≈≈≈≈.≈.≈.≈≈
#.@................
#.............!....
##.########.......#
#................#
##########.......#
#.......# #.......#
#.......# #.......#


You could see 2 electric eels.

Vanquished Creatures
  Grinder (D:4)
  Edmund (D:4)
  A slave (D:4)
  An ogre (D:4)
  A centaur (D:5)
  Blork the orc (D:4)
  A scorpion (D:3)
  A scorpion (shapeshifter) (D:3)
  A hound (D:5)
  An iguana (D:5)
  Ijyb (D:4)
  Terence (D:3)
  5 orc wizards
  Natasha (thrice) (D:3)
  A worker ant (D:3)
  2 hound skeletons
  Robin (D:3)
  7 gnolls (D:4)
  8 adders
  A shadow imp (D:5)
  An ooze (D:3)
  2 adder zombies
  An adder skeleton (D:5)
  3 worms
  7 leopard geckos
  13 orcs
  2 ball pythons
  2 bat skeletons (D:2)
  2 bat zombies (D:2)
  4 giant cockroaches
  13 goblins
  10 hobgoblins
  14 jackals
  6 kobolds
  3 ball python skeletons (D:2)
  10 bats
  9 frilled lizards
  A leopard gecko skeleton (D:2)
  A quokka skeleton (D:2)
  A quokka zombie (D:5)
  4 rats (D:1)
149 creatures vanquished.

Vanquished Creatures (collateral kills)
  Pikel (D:4)
  A slave (D:4)
2 creatures vanquished.

Vanquished Creatures (others)
  An orc wizard (D:3)
1 creature vanquished.

Grand Total: 152 creatures vanquished

Notes
Turn   | Place    | Note
-------+----------+-------------------------------------------
     0 | D:1      | Lanoc the Minotaur Chaos Knight began the quest for the
                  | Orb.
     0 | D:1      | Reached XP level 1. HP: 19/19 MP: 0/0
    98 | D:1      | Reached XP level 2. HP: 25/27 MP: 1/1
   140 | D:1      | Reached skill level 4 in Long Blades
   601 | D:1      | XOM: mild Erth miscast
   675 | D:1      | Reached XP level 3. HP: 23/33 MP: 2/2
   856 | D:2      | Found a hide-covered altar of Uskayaw.
   856 | D:2      | Found a stormy altar of Qazlal.
   858 | D:2      | Found a radiant altar of Vehumet.
   865 | D:2      | Reached XP level 4. HP: 30/40 MP: 3/3
   912 | D:2      | XOM: divination: magic mapping
  1023 | D:2      | Reached skill level 5 in Long Blades
  1057 | D:2      | XOM: divination: detect items
  1178 | D:2      | XOM: scenery: create altars
  1237 | D:3      | XOM: fake destruction
  1273 | D:3      | Reached XP level 5. HP: 25/47 MP: 4/4
  1274 | D:3      | Noticed Natasha
  1284 | D:3      | Killed Natasha
  1398 | D:3      | XOM: divination: detect items
  1480 | D:3      | XOM: divination: detect items
  1510 | D:3      | XOM: god gift: runed battleaxe {god gift}
  1512 | D:3      | Noticed Natasha
  1524 | D:3      | Killed Natasha
  1555 | D:3      | Reached skill level 6 in Long Blades
  1555 | D:3      | Reached XP level 6. HP: 36/55 MP: 5/5
  1556 | D:3      | Noticed Robin
  1566 | D:3      | Killed Robin
  1617 | D:3      | XOM: summons friendly quasit
  1752 | D:3      | Noticed Terence
  1757 | D:3      | Killed Terence
  1757 | D:3      | Reached skill level 5 in Fighting
  1778 | D:3      | Noticed Natasha
  1784 | D:3      | Killed Natasha
  2189 | D:4      | Reached XP level 7. HP: 51/61 MP: 6/6
  2229 | D:4      | XOM: scenery: create altars
  2237 | D:4      | Noticed Grinder
  2242 | D:4      | Paralysed by Grinder for 3 turns
  2247 | D:4      | Killed Grinder
  2247 | D:4      | Reached skill level 7 in Long Blades
  2343 | D:4      | Reached skill level 5 in Armour
  2560 | D:4      | Found a deep blue altar of Sif Muna.
  2599 | D:4      | Identified Sif Muna's Almanac of Execration
  2624 | D:4      | Noticed Edmund
  2633 | D:4      | Killed Edmund
  2644 | D:4      | Noticed Blork the orc
  2654 | D:4      | XOM: smoke on damage
  2655 | D:4      | XOM: divination: magic mapping
  2656 | D:4      | Killed Blork the orc
  2656 | D:4      | Reached skill level 8 in Long Blades
  2662 | D:4      | Reached XP level 8. HP: 14/70 MP: 7/7
  2759 | D:4      | Found a hazy altar of Hepliaklqana.
  2822 | D:4      | Noticed Ijyb
  2837 | D:4      | Noticed Pikel
  2844 | D:4      | XOM: divination: detect creatures
  2862 | D:4      | XOM: confuse monster(s)
  2866 | D:4      | XOM: summons 6 friendly demons
  2884 | D:4      | Killed Pikel
  2890 | D:4      | Killed Ijyb
  2974 | D:4      | Reached skill level 5 in Dodging
  3046 | D:5      | Entered Level 5 of the Dungeon
  3050 | D:5      | Found a shimmering altar of Xom.
  3460 | D:5      | XOM: scenery: create altars
  3660 | D:5      | XOM: cloud trail
  3711 | D:5      | Reached skill level 9 in Long Blades
  3772 | D:5      | XOM: god gift: 45 gold pieces
  3945 | D:6      | HP: 1/71 [electric eel/bolt of electricity (10)]
  3945 | D:6      | Killed from afar by an electric eel

Vault maps used:
D:1:      arrival_zaba_pyramid, serial_park_tiny_1, chequers_jeans,
          corexii_hall_statues_l, minmay_tetromino_t4
D:2:      grunt_temple_overflow_open, serial_undead, serial_undead_a,
          serial_undead_c, serial_undead_f, serial_undead_e, serial_undead_f,
          serial_undead_d, serial_undead_d, serial_undead_f
D:3:      first_ration, minmay_checkerbox, uniq_robin, uniq_terence,
          uniq_natasha
D:4:      nicolae_overflow_hidden_temple, serial_park_tiny_1, led_sif_book,
          uniq_edmund, uniq_pikel, uniq_ijyb, uniq_blork_the_orc, uniq_grinder
D:5:      basic_altar
D:6:      minmay_goblin_kobold_castle, gammafunk_temple_overflow_statue,
          lemuel_doored_altar, basic_altar

Skill      XL: |  1  2  3  4  5  6  7  8 |
---------------+-------------------------+-----
Long Blades    | 4 5 6 8 9 |  9.0
Fighting       | 4 5 6 |  6.7
Armour         | 3 4 5 6 |  6.1
Dodging        | 2 3 4 5 |  5.2

Action                   |  1- 3 |  4- 6 |  7- 9 || total
-------------------------+-------+-------+-------++-------
Melee: Falchion          |    80 |   187 |   141 ||   408
       Headbutt          |    10 |    29 |    28 ||    67
 Abil: Evoke Flight      |       |       |     1 ||     1
  Use: Scroll            |       |       |     8 ||     8
 Stab: Paralysed         |       |     2 |     2 ||     4
  Eat: Chunk             |       |     3 |     7 ||    10
Armor: Leather armour    |    35 |    52 |    10 ||    97
       Scale mail        |       |       |    29 ||    29
Dodge: Dodged            |    49 |    84 |    69 ||   202
       Rpst.: Falchion   |    15 |    21 |    18 ||    54

Table legend:
 A = Non-vault XP
 B = Vault XP
 C = Vault XP percentage of total XP
 D = Non-vault monster count
 E = Vault monster count
 F = Vault count percentage of total count
                 A         B        C        D         E       F
            +---------+---------+-------+---------+---------+-------
      Total |     926 |    1235 |  57.1 |     117 |      33 |  22.0
            +---------+---------+-------+---------+---------+-------
        D:1 |      49 |       2 |   3.9 |      28 |       2 |   6.7
        D:2 |      76 |      19 |  20.0 |      15 |      10 |  40.0
        D:3 |     251 |     254 |  50.3 |      43 |      14 |  24.6
        D:4 |     294 |     960 |  76.6 |      17 |       7 |  29.2
        D:5 |     253 |       0 |   0.0 |      13 |       0 |   0.0
        D:6 |       3 |       0 |   0.0 |       1 |       0 |   0.0
            +---------+---------+-------+---------+---------+-------
